 Dungeon Crawl Stone Soup version 0.32-a0-12-g7fc57aa741 (webtiles) character file.

Game seed: 13058173701120629266

20 Hellonello the Ruffian (level 2, -3/22 HPs)
             Began as an Armataur Shapeshifter on Jan 14, 2024.
             Slain by a black bear (4 damage)
             ... on level 1 of the Dungeon.
             The game lasted 00:01:38 (793 turns).

Hellonello the Ruffian (Armataur Shapeshifter)       Turns: 793, Time: 00:01:39

Health: -3/22      AC:  4    Str: 19    XL:     2   Next: 58%
Magic:  2/2        EV:  9    Int: 10    God:
Gold:   29         SH:  0    Dex:  9    Spells: 1/1 levels left

rFire   . .          .
                       - Unarmed
rCold   . . .        (no shield)
rNeg    . . .        a - +0 animal skin
rPois   .            (helmet currently unavailable)
rElec   .            (cloak currently unavailable)
rCorr   .            (gloves currently unavailable)
SInv    .            (no barding)
Will    .....        (no amulet)
Stlth   +            (no ring)
HPRegen 0.23/turn    (no ring)
MPRegen 0.08/turn

%: roll
@: about to teleport, beast-form
A: beast (slay +1), large, deformed body, tough skin 3, armoured tail, roll 1
a: Begin Untransformation


You were on level 1 of the Dungeon.
You were a hulking beast.
You visited 1 branch of the dungeon, and saw 2 of its levels.

You collected 29 gold pieces.

Inventory:

Armour
 a - a +0 animal skin (worn)
 g - a +0 tower shield
Talismans
 c - a beast talisman
 d - a flux talisman
Scrolls
 e - a scroll of teleportation
Potions
 b - 2 potions of lignification
 h - a potion of curing


   Skills:
 - Level 0.8 Fighting
 - Level 1.3 Dodging
 + Level 3.6 Unarmed Combat
 - Level 2.6 Shapeshifting


You had one spell level left.
You didn't know any spells.
Your spell library contained the following spells:

 Spells                   Type           Power      Damage    Failure   Level
 Summon Forest            Summ/Tloc      0%         N/A       100%        5
 Summon Mana Viper        Hex/Summ       0%         N/A       100%        5
 Summon Cactus Giant      Summ           0%         N/A       100%        6


Dungeon Overview and Level Annotations

Branches:
Dungeon (2/15)

Altars:

Annotations:
D:1 Terence


Innate Abilities, Weirdness & Mutations

You are a hulking beast.
Your limbs bulge with bestial killing power. (Slay +1)
Armour fits poorly on your strangely shaped body.
You have extremely tough skin. (AC +3)
You have a long armoured tail.
You regenerate magic when rolling toward enemies. (Rampage MPRegen)


Message History

You roll towards the hobgoblin!
Terence the Incautious comes into view.
He is wielding a +0 flail.
Found 2 bubbling orange potions.
Terence shouts!
You barely miss the hobgoblin. The hobgoblin barely misses you.
There is a stone staircase leading up here.
The hobgoblin hits you.
You climb upwards.
There is a stone staircase leading down here.
You closely miss the hobgoblin. The hobgoblin hits you.
You hit the hobgoblin.
The hobgoblin is lightly wounded.
You hit the hobgoblin.
Your tail-slap misses the hobgoblin.
The hobgoblin is moderately wounded.
The hobgoblin hits you but does no damage.
You hit the hobgoblin.
The hobgoblin is severely wounded.
The hobgoblin barely misses you.
You punch the hobgoblin!
You kill the hobgoblin!
You see here a hobgoblin corpse.
There is a stone staircase leading down here.
You start resting.
HP restored.
You climb downwards.
Level annotation: Terence The black bear bites you.
The black bear claws you but does no damage.
The black bear claws you. Terence misses you.
There is a stone staircase leading up here.
Terence says, "Don't bother to defend, it's senseless."
Terence barely misses you. The black bear bites you. The black bear claws you.
The black bear claws you but does no damage.
You climb upwards.
There is a stone staircase leading down here.
As you read the scroll of teleportation, it crumbles to dust.
You feel strangely unstable. Terence hits you with a +0 flail!
* * * LOW HITPOINT WARNING * * *
The black bear bites you.
You die...

.........##..##+##....######.....
.........##..##..'...............
.........##..#####....###.##.....
.........##...........+...#######
..##########.#####....#.### # ..#
#...# #......# # ..# ###.#
##.....# # ..#
####.###..###.######### ..#
#....@hh.## #.##....... ###
#.######## #.......... #.#...#
#.......... #.#.#.# #.###.....#
#.....# #.##...##.. ###.###
#.######### #.# #.# #.... #.# #.#
#.### #.# #.# #.#


You could see a black bear and Terence.

Vanquished Creatures
  An endoplasm (D:1)
  2 giant cockroaches (D:1)
  4 hobgoblins (D:1)
  4 ball pythons (D:1)
  2 bats (D:1)
  A frilled lizard (D:1)
  3 goblins (D:1)
  A kobold (D:1)
18 creatures vanquished.

Notes
Turn   | Place    | Note
-------+----------+-------------------------------------------
     0 | D:1      | Hellonello the Armataur Shapeshifter began the quest for
                  | the Orb.
     0 | D:1      | Reached XP level 1. HP: 15/15 MP: 1/1
    59 | D:1      | Reached skill level 3 in Unarmed Combat
   165 | D:1      | Reached XP level 2. HP: 22/22 MP: 2/2
   764 | D:2      | Noticed a black bear
   765 | D:2      | Noticed Terence
   793 | D:1      | HP: 1/22 [Terence/+0 flail (10)]
   793 | D:1      | Slain by a black bear

Illustrated notes

Levels and vault maps discovered:
D:1:      minmay_arrival_jagged, layout_basic, serial_bayou_lake_a
D:2:      layout_basic, dk_vineyard_2, uniq_terence

Skill      XL: |  1 |
---------------+----+-----
Unarmed Combat | 3 |  3.6
Fighting       | |  0.8
Dodging        | |  1.3
Shapeshifting  | |  2.6

Action                     || total
---------------------------++-------
  Melee: Unarmed           ||    57
         Tailslap          ||     4
    Use: Scroll            ||     3
 Armour: Animal skin       ||    43
  Dodge: Dodged            ||    34

Table legend: (Time is in decaauts)
 A = Elapsed time spent in this place.
 B = Non-inter-level travel time spent in this place.
 C = Inter-level travel time spent in this place.
 D = Time resting spent in this place.
 E = Time spent auto-exploring this place.
 F = Levels seen in this place.
 G = Mean time per level.
                   A        B        C        D        E       F      G
               +--------+--------+--------+--------+--------+-----+--------+
         Total |    791 |    776 |     15 |     51 |    589 |   2 |  395.5 |
       Dungeon |    791 |    776 |     15 |     51 |    589 |   2 |  395.5 |
               +--------+--------+--------+--------+--------+-----+--------+

Top non-repeatable levels by time:
     D:1: 782 daAuts
     D:2: 8 daAuts
